 Dungeon Crawl Stone Soup version 0.29-a0-723-gce39da1c22 (console) character file.

Game seed: 5110606058556458366

28741 om the Basher (level 13, -13/78 HPs)
             Began as a Gargoyle Ice Elementalist on June 28, 2022.
             Was the Champion of Jiyva.
             Killed from afar by an ironbound frostheart (26 damage)
             ... by creeping frost
             ... in an ice cave.
             The game lasted 00:48:26 (11893 turns).

om the Basher (Gargoyle Ice Elementalist)          Turns: 11893, Time: 00:48:27

Health: -13/78     AC: 27    Str: 17    XL:     13   Next: 40%
Magic:  22/28      EV: 15    Int: 19    God:    Jiyva [******]
Gold:   290        SH:  0    Dex: 10    Spells: 4/21 levels left

rFire   . . .      SeeInvis .   J - +1 flail
rCold   + . .      Faith    .   (no shield)
rNeg    + . .      Spirit   .   r - +0 steam dragon scales
rPois   ∞          Reflect  .   h - +0 helmet
rElec   +          Harm     .   I - +0 cloak
rCorr   +          Rampage  .   (no gloves)
Will    .....                   (no boots)
Stlth   +++.......              i - amulet "Jotzahe" {Regen+ Int+3}
HPRegen 2.63/turn               g - ring of magical power
MPRegen 0.71/turn               q - +4 ring of protection

@: on blink cooldown
A: sickness immunity, AC +9, negative energy resistance 1, electricity
resistance, torment resistance 1, petrification resistance, hooves 1, iridescent
scales 3, cold resistance 1, pseudopods 2, jelly sensing items, jelly absorbing
missiles
a: Renounce Religion, Oozemancy, Slimify


You were in an ice cave.
You worshipped Jiyva.
Jiyva was exalted by your worship.
You visited 2 branches of the dungeon, and saw 15 of its levels.
You visited 1 bazaar.
You also visited: Sewer, Ossuary and Ice Cave.

You collected 576 gold pieces.
You spent 286 gold pieces at shops.

Inventory:

Hand Weapons
 c - a +1 club of protection
 D - a +0 demon blade
 H - a +0 mace
 J - a +1 flail (weapon)
Armour
 h - a +0 helmet (worn)
 r - +0 steam dragon scales (worn)
 s - the +6 ring mail of the Soldier {-Tele rC++}
   (You found it in an ice cave)

   rC:        It greatly protects you from cold.
   -Tele:     It prevents most forms of teleportation.
 I - a +0 cloak (worn)
Jewellery
 g - a ring of magical power (left hand)
 i - the amulet "Jotzahe" (around neck) {Regen+ Int+3}
   (You found it on level 2 of the Dungeon)

   [amulet of regeneration]

   Int:       It affects your intelligence (+3).
   Regen:     It increases your rate of health regeneration.
 q - a +4 ring of protection (right hand)
 B - a +6 ring of dexterity
 G - a ring of wizardry
Wands
 a - a wand of mindburst (10)
 y - a wand of digging (9)
 C - a wand of charming (3)
 K - a wand of flame (9)
 L - a wand of iceblast (6)
Scrolls
 d - 6 scrolls of teleportation
 j - a scroll of identify
 o - 2 scrolls of amnesia
 t - a scroll of noise
 v - 2 scrolls of summoning
 E - 3 scrolls of poison
 F - a scroll of fear
Potions
 b - 2 potions of magic
 e - 3 potions of brilliance
 f - 3 potions of ambrosia
 k - 3 potions of attraction {unknown}
 l - 2 potions of heal wounds {unknown}
 m - a potion of resistance
 n - 3 potions of mutation
 p - a potion of curing
 u - 2 potions of flight {unknown}
 w - 3 potions of might
 x - a potion of cancellation
 z - 3 potions of berserk rage
 A - a potion of invisibility


   Skills:
 + Level 8.2 Fighting
 * Level 12.7 Maces & Flails
 + Level 9.8 Armour
 + Level 9.1 Dodging
 - Level 7.0 Stealth
 * Level 4.5 Spellcasting
 * Level 6.5 Conjurations
 * Level 5.5 Ice Magic


You had 4 spell levels left.
You knew the following spells:

 Your Spells              Type           Power      Damage    Failure   Level
a - Freeze                Ice            100%       1d11      1%          1
b - Frozen Ramparts       Ice            50%        1d7       4%          3
c - Ozocubu's Armour      Ice            25%        N/A       4%          3
d - Hailstorm             Conj/Ice       27%        3d7       11%         4
e - Searing Ray           Conj           58%        2d6       1%          2
f - Static Discharge      Conj/Air       16%        N/A       4%          2
g - Blink                 Tloc           8%         N/A       21%         2

Your spell library contained the following spells:

 Spells                   Type           Power      Damage    Failure   Level
 Wereblood                Tmut           4%         N/A       21%         2
 Petrify                  Tmut/Erth      4%         N/A       78%         4
 Lightning Bolt           Conj/Air       8%         1d20      67%         5
 Metabolic Englaciation   Hex/Ice        7%         N/A       75%         5
 Maxwell's Capacitive Co  Air            2%         ∞         100%        8
 Statue Form              Tmut/Erth      Unusable   N/A       N/A         6

Dungeon Overview and Level Annotations

Branches:
Dungeon (13/15)            Temple (0/1) D:4            Lair (2/6) D:11
    Orc (0/2) D:12          Sewer (visited)         Ossuary (visited)
  IceCv (1/1)
  Swamp: Lair:2-4    Shoals: Lair:2-4     Snake: Lair:2-4    Spider: Lair:2-4
 Vaults: D:13-14

Altars:
Kikubaaqudgha
Okawaru
Trog
Wu Jian
Zin
The Shining One
Jiyva

Shops:
D:7 !   D:11 !=

Annotations:
D:3 Grinder
D:8 exclusion: orange crystal statue
D:9 1 runed translucent door, avis's ghost, novice DgIE
D:12 1 runed translucent door IceCv exclusion: ice statue


Innate Abilities, Weirdness & Mutations

You are immune to sickness and miasma.
Your stone body is resilient. (AC +9)
You are immune to poison.
You resist negative energy. (rN+)
You are resistant to electric shocks. (rElec)
You are resistant to unholy torment.
You are immune to petrification.
You have large cloven feet.
You are completely covered in iridescent scales. (AC +6)
Your flesh is cold resistant. (rC+)
Armour fits poorly on your large pseudopods.
You have a small jelly attached to you that senses nearby items.
You have a small jelly attached to you that may absorb projectiles.


Message History

A wolf comes into view.
The ironbound frostheart resists.
The wall freezes the ironbound frostheart.
The ironbound frostheart calls freezing cold from the walls.
The frost grips you! You partially resist.
The searing ray hits the ironbound frostheart.
The ironbound frostheart is severely wounded.
The ironbound frostheart resists.
The wall freezes the ironbound frostheart.
The ironbound frostheart barely misses you.
The wall freezes the wolf.
The searing ray hits the ironbound frostheart!
The ironbound frostheart is almost dead.
You finish channelling your searing ray.
The ice encasing you melts away. The wolf closely misses you.
The ironbound frostheart resists.
The wall freezes the ironbound frostheart.
The ironbound frostheart touches you. The ironbound frostheart freezes you!
You resist.
* * * LOW HITPOINT WARNING * * *
You feel better.
The frozen ramparts melt away.
The wolf closely misses you. The ironbound frostheart touches you!
* * * LOW HITPOINT WARNING * * *
The ironbound frostheart freezes you! You resist.
* * * LOW HITPOINT WARNING * * *
The wolf completely misses you.
Unknown command.
Casting: Searing Ray (safe; 1% risk of failure)
Confirm with . or Enter, or press ? or * to list all spells.
Your icy armour will break if you move.
Continue?
Okay, then.
Casting: Blink (safe; 21% risk of failure)
Confirm with . or Enter, or press ? or * to list all spells.
Your icy armour will break if you move.
Continue?
You blink.
Your icy armour cracks and falls away as you move.
The wolf attacks as you move away! The wolf bites you but does no damage.
The ironbound frostheart calls freezing cold from the walls.
The frost grips you!! You partially resist.
You die...

..###≈≈≈≈≈≈≈≈≈#.#.#..#
##..#≈≈≈≈≈≈≈≈###[..###
#...##≈≈≈≈≈≈##...###
###..##≈≈≈###..###
##.### #..## ..###
##..### ....# ##.†.###
.##§§§☼§. ##....### ##
#§°§§§ ##@....## §§§§§
#####h.....##
§§§§###$$#........#
§#§#.)$$p......##.
###):}$$....####
##)[|$$...# ##########


You could see an ironbound frostheart and a wolf.

Vanquished Creatures
  3 death yaks (IceCv)
  2 two-headed ogres
  2 skeletal warriors
  A deep elf pyromancer (D:7)
  A cyclops (D:12)
  Maurice (D:12)
  A kobold demonologist (D:9)
  A cane toad (Lair:2)
  2 rime drakes (IceCv)
  A komodo dragon (Lair:1)
  3 trolls
  A hornet (D:10)
  6 polar bears (IceCv)
  5 blink frogs (Lair:2)
  A vampire (D:12)
  2 wraiths
  2 wyverns
  40 yaks
  2 steam dragons
  2 vampire mosquitoes (D:12)
  2 acid dragons
  2 water moccasins
  9 orc warriors
  2 ice beasts
  21 wolves
  2 centaurs (D:9)
  A phantom (D:3)
  13 kobold brigands
  Blork the orc (D:5)
  2 gnoll sergeants
  4 bullfrogs
  A scorpion (D:7)
  2 necrophages
  8 wights
  5 water moccasin zombies (Ossuary)
  12 killer bees
  An electric eel (D:11)
  A howler monkey (D:7)
  A gnoll shaman (D:7)
  4 hounds (D:11)
  10 orc priests
  4 iguanas
  11 orc wizards
  A hell rat (Sewer)
  2 mummies (Ossuary)
  Robin (D:2)
  8 gnolls
  3 adders
  5 river rats
  2 shadow imps (D:10)
  10 white imps (Lair:2)
  An ufetubus (D:4)
  3 adder zombies (Ossuary)
  A worm (D:3)
  2 dart slugs
  30 orcs
  A ball python (D:2)
  5 bats
  A giant cockroach (D:4)
  3 gnoll zombies (Ossuary)
  13 goblins
  5 hobgoblins
  2 quokkas
  3 frilled lizards
  5 hobgoblin zombies (Ossuary)
  31 kobolds
  A kobold skeleton (D:10)
  14 kobold zombies
  7 orc zombies (Ossuary)
  8 rats
366 creatures vanquished.

Vanquished Creatures (collateral kills)
  A boulder beetle (D:12)
  An ironbound frostheart (IceCv)
  A two-headed ogre (D:11)
  2 death yaks (IceCv)
  An ugly thing (D:12)
  A kobold demonologist (D:10)
  3 polar bears (IceCv)
  A troll (D:11)
  6 yaks
  A shadow (D:11)
18 creatures vanquished.

Vanquished Creatures (others)
  A hydra (D:7)
  Pikel (D:5)
  A troll (D:12)
  A vampire (D:9)
  2 shadows (D:12)
  A steam dragon (D:9)
  A sky beast (D:7)
  A centaur (D:10)
  A kobold brigand (D:10)
  A phantom (D:7)
  A bullfrog (D:7)
  A wight (D:7)
  3 killer bees (D:9)
  An electric eel (D:11)
  39 jellies
  An orc priest (D:10)
  An iguana (D:7)
  An orc wizard (D:8)
  A gnoll (D:7)
  2 adder zombies (Ossuary)
  2 endoplasms
  15 orcs
  3 goblins
  3 hobgoblins
  2 jackals (D:3)
  12 kobolds
  A ball python (D:2)
  4 bats
  2 kobold skeletons (D:10)
  4 kobold zombies (D:10)
  2 rats
  10 fungi (D:7)
  20 plants
142 creatures vanquished.

Grand Total: 526 creatures vanquished

Notes
Turn   | Place    | Note
-------+----------+-------------------------------------------
     0 | D:1      | om the Gargoyle Ice Elementalist began the quest for the
                  | Orb.
     0 | D:1      | Reached XP level 1. HP: 10/10 MP: 3/3
   229 | D:1      | Found a faded altar of an unknown god.
   235 | D:1      | Prayed at the altar of an unknown god.
   235 | D:1      | Became a worshipper of Jiyva Jomad the Shapeless
   235 | D:1      | Reached * piety under Jiyva
   585 | D:1      | Reached XP level 2. HP: 15/15 MP: 3/5
   673 | D:1      | Reached ** piety under Jiyva
  1187 | D:2      | Reached *** piety under Jiyva
  1365 | D:2      | Reached XP level 3. HP: 17/19 MP: 6/6
  1376 | D:2      | Gained mutation: Your natural rate of healing is unusually
                  | fast. [Jiyva's grace]
  1376 | D:2      | Gained mutation: You heal very quickly. [Jiyva's grace]
  1376 | D:2      | Gained mutation: You regenerate. [Jiyva's grace]
  1376 | D:2      | Gained mutation: You are covered in slimy tendrils that may
                  | disarm your opponents. [Jiyva's grace]
  1385 | D:2      | Noticed Robin
  1421 | D:2      | Killed Robin
  1515 | D:2      | Learned a level 3 spell: Frozen Ramparts
  1562 | D:2      | Identified the amulet "Jotzahe" {Regen+ Int+3}
  1720 | D:3      | Learned a level 3 spell: Ozocubu's Armour
  1769 | D:3      | Reached XP level 4. HP: 24/24 MP: 8/8
  1840 | D:3      | Noticed a phantom
  1876 | D:3      | Killed a phantom
  1877 | D:3      | Reached skill level 1 in Armour
  1877 | D:3      | Reached skill level 5 in Ice Magic
  1877 | D:3      | Reached XP level 5. HP: 28/28 MP: 9/9
  2100 | D:4      | Reached XP level 6. HP: 32/32 MP: 10/10
  2110 | D:4      | Reached **** piety under Jiyva
  2110 | D:4      | Noticed Grinder
  2154 | D:4      | Paralysed by Grinder for 2 turns
  2320 | D:4      | Found a glowing drain.
  2330 | Sewer    | Entered a sewer
  2819 | D:4      | Found a staircase to the Ecumenical Temple.
  3082 | D:5      | Entered Level 5 of the Dungeon
  3130 | D:5      | Noticed Blork the orc
  3149 | D:5      | Killed Blork the orc
  3200 | D:5      | Reached XP level 7. HP: 37/37 MP: 11/11
  3202 | D:5      | Reached skill level 1 in Fighting
  3206 | D:5      | Reached skill level 1 in Maces & Flails
  3255 | D:5      | Lost mutation: You regenerate. [Jiyva's grace]
  3255 | D:5      | Lost mutation: You heal very quickly. [Jiyva's grace]
  3255 | D:5      | Gained mutation: You have a small jelly attached to you
                  | that may absorb projectiles. [Jiyva's grace]
  3255 | D:5      | Gained mutation: You have large cloven feet. [Jiyva's
                  | grace]
  3255 | D:5      | Gained mutation: You have hoof-like feet. [Jiyva's grace]
  3255 | D:5      | Gained mutation: You have hooves in place of feet. [Jiyva's
                  | grace]
  3424 | D:5      | Killed Pikel
  3459 | D:5      | Found an ornate altar of the Wu Jian Council.
  3594 | D:5      | Reached ***** piety under Jiyva
  3646 | D:6      | Reached skill level 2 in Maces & Flails
  3701 | D:6      | Noticed a steam dragon
  3712 | D:6      | Killed a steam dragon
  3742 | D:6      | Reached skill level 3 in Maces & Flails
  3742 | D:6      | Reached XP level 8. HP: 46/46 MP: 12/12
  3997 | D:6      | Learned a level 4 spell: Hailstorm
  4008 | D:6      | Reached skill level 4 in Maces & Flails
  4215 | D:6      | Reached skill level 5 in Fighting
  4257 | D:6      | Reached skill level 5 in Maces & Flails
  4364 | D:7      | Reached skill level 5 in Dodging
  4364 | D:7      | Reached XP level 9. HP: 54/54 MP: 13/13
  4423 | D:7      | Found a sand-covered staircase.
  4428 | Ossuary  | Entered an ossuary
  4496 | Ossuary  | Reached skill level 6 in Maces & Flails
  4723 | D:7      | Reached skill level 7 in Maces & Flails
  4886 | D:7      | Reached skill level 8 in Maces & Flails
  4987 | D:7      | Found Cog Ogizom's Distillery.
  5004 | D:7      | Bought a potion of curing for 42 gold pieces
  5004 | D:7      | Bought a potion of cancellation for 112 gold pieces
  5078 | D:7      | Noticed a seven-headed hydra
  5104 | D:7      | Killed a seven-headed hydra
  5113 | D:7      | Noticed a deep elf pyromancer
  5125 | D:7      | Killed a deep elf pyromancer
  5126 | D:7      | Reached skill level 9 in Maces & Flails
  5351 | D:8      | Reached XP level 10. HP: 59/59 MP: 14/14
  5370 | D:8      | Reached skill level 10 in Maces & Flails
  5404 | D:8      | Lost mutation: You have hooves in place of feet. [Jiyva's
                  | grace]
  5404 | D:8      | Lost mutation: You have hoof-like feet. [Jiyva's grace]
  5404 | D:8      | Lost mutation: You have a small jelly attached to you that
                  | may absorb projectiles. [Jiyva's grace]
  5404 | D:8      | Gained mutation: You have acidic saliva. [Jiyva's grace]
  5404 | D:8      | Gained mutation: You are agile. (Dex +4, Str/Int -1)
                  | [Jiyva's grace]
  5404 | D:8      | Gained mutation: You are very agile. (Dex +8, Str/Int -2)
                  | [Jiyva's grace]
  5404 | D:8      | Gained mutation: You have a small jelly attached to you
                  | that senses nearby items. [Jiyva's grace]
  5419 | D:8      | Reached skill level 1 in Conjurations
  5436 | D:8      | Got Moyc's Primer on Witchery
  5577 | D:8      | Found a glowing silver altar of Zin.
  5621 | D:8      | Noticed a two-headed ogre
  5636 | D:8      | Killed a two-headed ogre
  5637 | D:8      | Reached skill level 5 in Conjurations
  5710 | D:8      | Reached ****** piety under Jiyva
  5755 | D:8      | Noticed an orange crystal statue
  6104 | D:9      | Noticed a kobold demonologist
  6118 | D:9      | Killed a kobold demonologist
  6207 | D:9      | Noticed a two-headed ogre
  6247 | D:9      | Killed a two-headed ogre
  6258 | D:9      | Reached XP level 11. HP: 67/67 MP: 16/16
  6262 | D:9      | Reached skill level 5 in Armour
  6476 | D:9      | Found a glowing golden altar of the Shining One.
  6708 | D:9      | Found an iron altar of Okawaru.
  6709 | D:9      | Found a bloodstained altar of Trog.
  6779 | D:9      | Found a runed translucent door.
  6780 | D:9      | Identified the +10 spear of Triumph {antimagic, rF+ Int+2}
  6780 | D:9      | Noticed avis's ghost (novice DgIE)
  6824 | D:10     | Entered Level 10 of the Dungeon
  7036 | D:10     | Found an ancient bone altar of Kikubaaqudgha.
  7130 | D:10     | Reached skill level 11 in Maces & Flails
  7958 | D:11     | Lost mutation: You are very agile. (Dex +8, Str/Int -2)
                  | [Jiyva's grace]
  7958 | D:11     | Lost mutation: Your natural rate of healing is unusually
                  | fast. [Jiyva's grace]
  7958 | D:11     | Lost mutation: You have acidic saliva. [Jiyva's grace]
  7958 | D:11     | Gained mutation: You are partially covered in iridescent
                  | scales. (AC +2) [Jiyva's grace]
  7958 | D:11     | Gained mutation: You are mostly covered in iridescent
                  | scales. (AC +4) [Jiyva's grace]
  7958 | D:11     | Gained mutation: You are completely covered in iridescent
                  | scales. (AC +6) [Jiyva's grace]
  7958 | D:11     | Gained mutation: Your flesh is cold resistant. (rC+)
                  | [Jiyva's grace]
  8055 | D:11     | Found a staircase to the Lair.
  8076 | D:11     | Found a flickering gateway to a bazaar.
  8152 | D:11     | Noticed a two-headed ogre
  8162 | D:11     | Killed a two-headed ogre
  8459 | D:11     | Found Koeriutz's Jewellery Boutique.
  8549 | D:11     | Found Forud's Distillery.
  8646 | Bazaar   | Entered a bazaar
  8646 | Bazaar   | Found Eleteudu's Jewellery Shop.
  8646 | Bazaar   | Found Inelehod's Antique Armour Shop.
  8664 | Bazaar   | Found Ufysk's General Store.
  8675 | Bazaar   | Found Lobbucuy's Magic Scroll Boutique.
  8683 | Bazaar   | Found Pococank's Antique Weapon Boutique.
  8728 | Bazaar   | Bought a scroll of blinking for 90 gold pieces
  8728 | Bazaar   | Bought a scroll of fear for 42 gold pieces
  8954 | D:12     | Found a staircase to the Orcish Mines.
  9000 | D:12     | Reached XP level 12. HP: 72/72 MP: 18/18
  9168 | D:12     | Noticed Maurice
  9211 | D:12     | Killed Maurice
  9298 | D:12     | Found a runed translucent door.
  9418 | D:12     | Noticed a boulder beetle
  9467 | D:12     | Killed a boulder beetle
  9541 | D:12     | Lost mutation: You are completely covered in iridescent
                  | scales. (AC +6) [Jiyva's grace]
  9541 | D:12     | Lost mutation: You are agile. (Dex +4, Str/Int -1) [Jiyva's
                  | grace]
  9541 | D:12     | Lost mutation: You are covered in slimy tendrils that may
                  | disarm your opponents. [Jiyva's grace]
  9541 | D:12     | Gained mutation: You have a small jelly attached to you
                  | that may absorb projectiles. [Jiyva's grace]
  9541 | D:12     | Gained mutation: You are completely covered in iridescent
                  | scales. (AC +6) [Jiyva's grace]
  9541 | D:12     | Gained mutation: Armour fits poorly on your pseudopods.
                  | [Jiyva's grace]
  9541 | D:12     | Gained mutation: Armour fits poorly on your large
                  | pseudopods. [Jiyva's grace]
 10019 | Lair:1   | Entered Level 1 of the Lair of Beasts
 10885 | Lair:2   | Reached skill level 5 in Stealth
 10948 | Lair:2   | Reached skill level 12 in Maces & Flails
 11004 | Lair:2   | Found a frozen archway.
 11032 | IceCv    | Entered an ice cave
 11203 | IceCv    | Noticed a death yak
 11203 | IceCv    | Noticed a death yak
 11205 | IceCv    | Noticed a death yak
 11220 | IceCv    | Killed a death yak
 11221 | IceCv    | Killed a death yak
 11224 | IceCv    | Killed a death yak
 11237 | IceCv    | Identified the +6 ring mail of the Soldier {-Tele rC++}
 11284 | IceCv    | Reached XP level 13. HP: 78/78 MP: 19/19
 11491 | IceCv    | Learned a level 2 spell: Searing Ray
 11494 | IceCv    | Learned a level 2 spell: Static Discharge
 11497 | IceCv    | Learned a level 2 spell: Blink
 11893 | IceCv    | Killed from afar by an ironbound frostheart

Illustrated notes

Levels and vault maps discovered:
D:1:      minmay_arrival_semitransparent, layout_loops_corners,
          ebering_ecumenical_altar_box, hangedman_abyss_or_decor_lesser_grid,
          minmay_pentomino_r2
D:2:      layout_basic, uniq_robin
D:3:      layout_basic
D:4:      layout_loops_cross, minmay_temple_entry_fiery, portal_sewer_entry_b,
          kennysheep_flooded_box, uniq_grinder
D:5:      layout_basic, nicolae_wu_jian_wuxing_cycle, uniq_pikel,
          uniq_blork_the_orc
D:6:      layout_gridville, minmay_statues_item, hex_medium, serial_park_tiny_2
D:7:      minmay_chambers_of_sixes, layout_cave_pools, serial_shops,
          nicolae_shop_hallway_stairs, nicolae_ossuary_entry_false_entrances,
          minivault_26, dreamdust_mushroom_princess, small_statue_intersection
D:8:      minmay_statue_hallways, layout_cave_pools,
          mainiacjoe_overflow_chevrons
D:9:      layout_rooms, tso_altar, grunt_temple_overflow_bloody_war,
          ebering_ghost_funeral_grove, hex_intersection, minmay_quadrilaterals
D:10:     wander_kiku_kobolds, layout_basic, nrook_mini_backslash
D:11:     layout_irregular_city, erik_lair_island, serial_shops, freezing_bzr,
          nicolae_shop_statue_plus, shop
D:12:     layout_roguey, orc_0_dummy, serial_glass, glass_columns_b,
          glass_columns_c, lightli_airlock, uniq_maurice
D:13:     layout_basic, minmay_misc_feat_doors, minmay_fire_ice_demons
Lair:1:   layout_small_grid, infiniplex_staircase_pool
Lair:2:   nzn_winding_woodlands_small [nzn_winding_woodlands_5x15_lazy_stream,
          nzn_winding_woodlands_center_garden, nzn_winding_woodlands_5x15_eye],
          layout_gridlike, minmay_shoals_entry_hut, portal_ice_cave_entry_imps,
          forest_entry_grove, grunt_megastairs_4
IceCv:    ice_cave_caverns_02

Skill      XL: |  1  2  3  4  5  6  7  8  9 10 11 12 13 |
---------------+----------------------------------------+-----
Spellcasting   | 3 4 |  4.5
Armour         | 1 2 4 7 9 |  9.8
Dodging        | 2 3 5 7 8 9 |  9.1
Ice Magic      | 5 |  5.5
Stealth        | 3 4 6 7 |  7.0
Fighting       | 3 5 7 8 |  8.2
Maces & Flails | 3 5 9 10 11 12 | 12.7
Conjurations   | 6 |  6.5

Action                   |  1- 3 |  4- 6 |  7- 9 | 10-12 | 13-15 || total
-------------------------+-------+-------+-------+-------+-------++-------
Melee: Club              |    20 |   123 |   361 |   392 |       ||   896
       Punch             |       |       |     5 |     9 |     1 ||    15
       Kick              |       |       |   123 |   227 |    55 ||   405
       Bite              |       |       |       |    39 |       ||    39
       Flail             |       |       |       |   148 |   149 ||   297
       Mace              |       |       |       |    80 |       ||    80
       Pseudopods        |       |       |       |    49 |    34 ||    83
 Cast: Freeze            |    40 |    42 |    37 |   223 |    25 ||   367
       Frozen Ramparts   |     1 |    10 |    20 |    54 |    10 ||    95
       Ozocubu's Armour  |       |     7 |    13 |    30 |     5 ||    55
       Hailstorm         |       |       |       |    14 |       ||    14
       Searing Ray       |       |       |       |       |    12 ||    12
       Blink             |       |       |       |       |     1 ||     1
       Static Discharge  |       |       |       |       |     1 ||     1
  Use: Scroll            |     2 |     5 |     3 |     8 |       ||    18
       Potion            |       |       |     1 |     3 |     1 ||     5
 Stab: Sleeping          |     2 |       |     4 |     1 |       ||     7
       Distracted        |       |       |     1 |     1 |     1 ||     3
Armor: Robe              |    29 |    83 |    27 |       |       ||   139
       Steam dragon scal |       |       |   234 |   543 |   181 ||   958
Dodge: Dodged            |    25 |   141 |   285 |   730 |   181 ||  1362

Table legend: (Time is in decaauts)
 A = Elapsed time spent in this place.
 B = Non-inter-level travel time spent in this place.
 C = Inter-level travel time spent in this place.
 D = Time resting spent in this place.
 E = Time spent auto-exploring this place.
 F = Levels seen in this place.
 G = Mean time per level.
                   A        B        C        D        E       F      G
               +--------+--------+--------+--------+--------+-----+--------+
         Total |  11797 |  11279 |    518 |    652 |   7136 |  19 |  620.9 |
       Dungeon |   9530 |   9019 |    511 |    397 |   6005 |  13 |  733.1 |
          Lair |   1008 |   1002 |      6 |    100 |    761 |   2 |  504.0 |
        Bazaar |     92 |     92 |      0 |      0 |     53 |   1 |   92.0 |
         Sewer |    112 |    112 |      0 |      3 |     63 |   1 |  112.0 |
       Ossuary |    233 |    233 |      0 |      0 |     58 |   1 |  233.0 |
      Ice Cave |    821 |    821 |      0 |    152 |    194 |   1 |  821.0 |
               +--------+--------+--------+--------+--------+-----+--------+

Top non-repeatable levels by time:
    D:10: 1110 daAuts
     D:1: 1024 daAuts
    D:12: 945 daAuts
     D:4: 922 daAuts
    D:11: 907 daAuts
  Lair:1: 856 daAuts
   IceCv: 821 daAuts
     D:8: 765 daAuts
     D:9: 761 daAuts
     D:6: 709 daAuts
     D:2: 686 daAuts
     D:7: 675 daAuts
     D:5: 566 daAuts
     D:3: 388 daAuts
 Ossuary: 233 daAuts
